 Dungeon Crawl Stone Soup version 0.31.0-32-g396128a36d (webtiles) character file.

Game seed: 17530138403761093398

270 monsoonserge the Ruffian (level 6, -8/47 HPs)
             Began as a Gnoll Shapeshifter on Apr 2, 2024.
             Mangled by a gnoll
             ... wielding a +0 flail
              (10 damage)
             ... on level 4 of the Dungeon.
             The game lasted 00:05:48 (2545 turns).

monsoonserge the Ruffian (Gnoll Shapeshifter)       Turns: 2545, Time: 00:05:49

Health: -8/47      AC:  3    Str: 12 (15) XL:     6   Next: 22%
Magic:  7/9        EV: 12    Int:  7 (9)  God:
Gold:   180        SH:  0    Dex: 10 (12) Spells: 9/9 levels left

rFire   . .          .
                       - Unarmed
rCold   . . .        (no shield)
rNeg    . . .        p - +0 leather armour
rPois   .            (helmet currently unavailable)
rElec   .            (cloak currently unavailable)
rCorr   .            (gloves currently unavailable)
SInv    .            (boots currently unavailable)
Will    .....        (no amulet) Stlth
                     (no ring)
HPRegen 0.27/turn    (no ring)
MPRegen 0.11/turn

%: no passive effects
@: beast-form, silenced
A: beast (slay +3), fangs 1, strong nose, distributed training
a: Begin Untransformation


You were on level 4 of the Dungeon.
You were a hulking beast.
You visited 1 branch of the dungeon, and saw 4 of its levels.

You collected 180 gold pieces.

Inventory:

Armour
 p - a +0 leather armour (worn)
Magical Staves
 t - a staff of death
Jewellery
 e - an amulet of faith
Talismans
 c - a beast talisman
 d - a flux talisman
Scrolls
 f - a scroll of fog
 g - a scroll of brand weapon {unknown}
 i - a scroll of revelation {unknown}
 k - a scroll of immolation {unknown}
 m - a scroll of enchant armour {unknown}
 o - a scroll of enchant weapon {unknown}
 r - a scroll of identify {unknown}
 s - a scroll of teleportation {unknown}
Potions
 b - 3 potions of lignification
 j - a potion of ambrosia {unknown}
 l - a potion of resistance {unknown}
 n - a potion of degeneration
 q - a potion of brilliance {unknown}


   Skills:
 + Level 3.2 Fighting
 + Level 2.0 Short Blades
 + Level 2.0 Long Blades
 + Level 2.0 Axes
 + Level 2.0 Maces & Flails
 + Level 2.0 Polearms
 + Level 2.0 Staves
 + Level 2.0 Ranged Weapons
 + Level 2.0 Throwing
 + Level 2.0 Armour
 + Level 5.0 Dodging
 + Level 2.0 Stealth
 + Level 2.0 Shields
 + Level 6.8 Unarmed Combat
 + Level 2.0 Spellcasting
 + Level 1.5 Conjurations
 + Level 1.5 Hexes
 + Level 1.5 Summonings
 + Level 1.5 Necromancy
 + Level 1.5 Translocations
 + Level 1.5 Fire Magic
 + Level 1.5 Ice Magic
 + Level 1.5 Air Magic
 + Level 1.5 Earth Magic
 + Level 1.5 Alchemy
 + Level 2.1 Invocations
 + Level 2.0 Evocations
 + Level 6.7 Shapeshifting


You had 9 spell levels left.
You didn't know any spells.
Your spell library contained the following spells:

 Spells                   Type           Power      Damage    Failure   Level
 Sandblast                Erth           4%         2d4       26%         1
 Slow                     Hex            8%         N/A       26%         1
 Confusing Touch          Hex            2%         N/A       61%         3
 Passwall                 Erth           2%         N/A       61%         3
 Sigil of Binding         Hex            2%         N/A       61%         3
 Stone Arrow              Conj/Erth      4%         3d7       61%         3
 Vampiric Draining        Necr           2%         2d6       61%         3
 Anguish                  Hex/Necr       1%         N/A       95%         4
 Brom's Barrelling Bould  Conj/Erth      2%         2d3       95%         4
 Cause Fear               Hex            1%         N/A       95%         4
 Enfeeble                 Hex            1%         N/A       100%        7


Dungeon Overview and Level Annotations

Branches:
Dungeon (4/15)
 Temple: D:4-7

Altars:

Shops:
D:2 :

Annotations:
D:3 Robin


Innate Abilities, Weirdness & Mutations

You are a hulking beast.
Your limbs bulge with bestial killing power. (Slay +3)
You have very sharp teeth.
Your uncanny sense of smell can sniff out nearby items.
Your experience applies equally to all skills.


Message History

The scorpion barely misses you.
You completely miss the scorpion.
The scorpion is severely wounded.
The scorpion stings you.
You are poisoned.
The scorpion poisons you!
You hit the scorpion.
You kill the scorpion!
You feel very sick.
Your Short Blades skill increases to level 2!
Your Long Blades skill increases to level 2!
Your Axes skill increases to level 2!
Your Maces & Flails skill increases to level 2!
Your Polearms skill increases to level 2!
Your Staves skill increases to level 2!
Your Ranged Weapons skill increases to level 2!
Your Throwing skill increases to level 2!
Your Armour skill increases to level 2!
Your Dodging skill increases to level 5!
Your Stealth skill increases to level 2!
Your Shields skill increases to level 2!
Your Spellcasting skill increases to level 2!
Your Evocations skill increases to level 2!
You have reached level 6!
Okay, then.
It was a potion of degeneration.
There was something very wrong with that liquid.
You feel weakened.
You feel dopey.
You feel clumsy.
You feel very sick. The gnoll hits you with a +0 flail!
The gnoll closely misses you.
It was a potion of curing.
You feel better. The gnoll hits you with a +0 flail!
* * * LOW HITPOINT WARNING * * *
The gnoll barely misses you.
As you read the scroll labelled VYCU LEERU, it dissolves into smoke.
It was a scroll of fog.
The gnoll closely misses you.
The gnoll hits you from afar with a +0 halberd!
* * * LOW HITPOINT WARNING * * *
As you read the scroll labelled COELAO YMOAMOTI, it crumbles to dust.
A profound silence engulfs you.
It was a scroll of silence.
The gnoll hits you with a +0 flail!
You die...

.....)...........#.....#
....#.##.g.............#
## #.. #....)....###...#
gs.# #..ggs....# #...#
...# #.......oo# #####
oo.: #########g# ... #g#
... #g# #h# ###


You could see 2 gnolls.

Vanquished Creatures
  A scorpion (D:4)
  2 orc wizards (D:4)
  4 gnolls (D:4)
  3 adders
  2 ribbon worms (D:2)
  3 dart slugs
  2 orcs (D:4)
  10 ball pythons
  4 bats
  7 endoplasms
  A giant cockroach (D:1)
  9 hobgoblins
  A jackal (D:1)
  A quokka (D:2)
  2 frilled lizards (D:1)
  22 goblins
  4 kobolds
  3 rats
81 creatures vanquished.

Notes
Turn   | Place    | Note
-------+----------+-------------------------------------------
     0 | D:1      | monsoonserge the Gnoll Shapeshifter began the quest for the
                  | Orb.
     0 | D:1      | Reached XP level 1. HP: 17/17 MP: 1/1
   316 | D:1      | Reached XP level 2. HP: 21/23 MP: 2/2
   481 | D:1      | Reached XP level 3. HP: 28/28 MP: 3/3
   651 | D:1      | Reached skill level 1 in Invocations
   890 | D:1      | Reached skill level 1 in Short Blades
   890 | D:1      | Reached skill level 1 in Long Blades
   890 | D:1      | Reached skill level 1 in Axes
   890 | D:1      | Reached skill level 1 in Maces & Flails
   890 | D:1      | Reached skill level 1 in Polearms
   890 | D:1      | Reached skill level 1 in Staves
   890 | D:1      | Reached skill level 1 in Ranged Weapons
   890 | D:1      | Reached skill level 1 in Throwing
   890 | D:1      | Reached skill level 1 in Armour
   890 | D:1      | Reached skill level 1 in Stealth
   890 | D:1      | Reached skill level 1 in Shields
   890 | D:1      | Reached skill level 1 in Spellcasting
   890 | D:1      | Reached skill level 1 in Evocations
  1281 | D:2      | Reached XP level 4. HP: 30/34 MP: 5/5
  1314 | D:2      | Found Zaoth's Book Shoppe.
  1518 | D:2      | Reached skill level 1 in Conjurations
  1518 | D:2      | Reached skill level 1 in Hexes
  1518 | D:2      | Reached skill level 1 in Summonings
  1518 | D:2      | Reached skill level 1 in Necromancy
  1518 | D:2      | Reached skill level 1 in Translocations
  1518 | D:2      | Reached skill level 1 in Fire Magic
  1518 | D:2      | Reached skill level 1 in Ice Magic
  1518 | D:2      | Reached skill level 1 in Air Magic
  1518 | D:2      | Reached skill level 1 in Earth Magic
  1518 | D:2      | Reached skill level 1 in Alchemy
  2096 | D:3      | Noticed Robin
  2150 | D:4      | Noticed a scorpion
  2210 | D:4      | Reached XP level 5. HP: 33/40 MP: 5/7
  2542 | D:4      | Reached skill level 5 in Dodging
  2542 | D:4      | Reached XP level 6. HP: 30/47 MP: 7/9
  2544 | D:4      | HP: 2/47 [gnoll/+0 halberd (13)]
  2545 | D:4      | Mangled by a gnoll

Illustrated notes

Levels and vault maps discovered:
D:1:      dpeg_cavernosity, layout_basic
D:2:      layout_basic, serial_shops, nicolae_shop_rolling_square,
          minmay_tromino_v2
D:3:      layout_basic, hellmonk_ecumenical_altar_inner_sanctum, st_stairs_12,
          uniq_robin
D:4:      layout_rooms, minmay_temple_entry_stoned_glass, serial_shops,
          nicolae_lakefront_shop

Skill      XL: |  1  2  3  4  5 |
---------------+----------------+-----
Invocations    | 1 2 |  2.1
Short Blades   | 1 2 |  2.0
Long Blades    | 1 2 |  2.0
Axes           | 1 2 |  2.0
Maces & Flails | 1 2 |  2.0
Polearms       | 1 2 |  2.0
Staves         | 1 2 |  2.0
Ranged Weapons | 1 2 |  2.0
Throwing       | 1 2 |  2.0
Armour         | 1 2 |  2.0
Stealth        | 1 2 |  2.0
Shields        | 1 2 |  2.0
Spellcasting   | 1 2 |  2.0
Evocations     | 1 2 |  2.0
Conjurations   | 1 |  1.5
Hexes          | 1 |  1.5
Summonings     | 1 |  1.5
Necromancy     | 1 |  1.5
Translocations | 1 |  1.5
Fire Magic     | 1 |  1.5
Ice Magic      | 1 |  1.5
Air Magic      | 1 |  1.5
Earth Magic    | 1 |  1.5
Alchemy        | 1 |  1.5
Fighting       | 3 |  3.2
Dodging        | 5 |  5.0
Unarmed Combat | |  6.8
Shapeshifting  | |  6.7

Action                     |  1- 3 |  4- 6 || total
---------------------------+-------+-------++-------
  Melee: Unarmed           |    72 |    86 ||   158
         Bite              |     2 |     5 ||     7
         Punch             |     2 |     4 ||     6
    Use: Scroll            |       |     2 ||     2
         Potion            |       |     2 ||     2
   Stab: Sleeping          |     3 |     3 ||     6
         Distracted        |       |     1 ||     1
 Armour: Animal skin       |    27 |    10 ||    37
         Leather armour    |       |    48 ||    48
  Dodge: Dodged            |    36 |    55 ||    91
